AoeStats
← polloasadom

Arabia

508967759Analyzed
1v1 RM · 8d ago on Sep 24, 2026· 54m 7s· 2 players
Game mode
Random Map
Map size
Tiny (2 player)
Population
200
Speed
Normal
Resources
Standard
Victory
Conquest
Starting age
Dark Age
Ending age
Imperial Age
RankedLock teamsTeams togetherTeam positionsShared explorationLock speedFull tech treeHidden civsTurbo modeCheats
Victory
Defeat
🇧🇷 Huns · Brazil
997
+18
🇦🇷 Ethiopians · Argentina
1036
-18
Pai véi
8:29 Loom
10:25 Feudal Age
11:14 Double-Bit Axe
21:48 Castle Age
20:18 Gold Mining
20:31 Stone Mining
20:46 Horse Collar
21:37 Scale Barding Armor
23:18 Bow Saw
31:29 Fletching
32:17 Ballistics
34:58 Imperial Age
33:51 Murder Holes
34:28 Bodkin Arrow
35:02 Masonry
35:02 Heavy Plow
35:27 Forging
36:01 Conscription
36:18 Heavy Cavalry Archer
37:50 Bracer
39:36 Chemistry
41:26 Town Watch
42:42 Parthian Tactics
42:27 Thumb Ring
44:20 Cavalier
45:22 Chain Barding Armor
46:22 Wheelbarrow
45:55 Husbandry
46:44 Light Cavalry
48:11 Hussar
50:25 Iron Casting
51:48 Capped Ram
polloasadom
7:44 Loom
11:07 Feudal Age
12:03 Double-Bit Axe
13:45 Fletching
23:40 Castle Age
22:31 Horse Collar
22:58 Stone Mining
23:01 Gold Mining
24:04 Crossbowman
25:04 Town Watch
26:05 Bodkin Arrow
27:20 Bow Saw
31:08 Padded Archer Armor
32:12 Town Patrol
32:48 Wheelbarrow
32:40 Ballistics
36:34 Imperial Age
36:54 Gold Shaft Mining
36:09 Stone Mining
36:37 Leather Archer Armor
36:29 Thumb Ring
38:04 Bracer
39:13 Stone Shaft Mining
39:07 Torsion Engines
40:14 Chemistry
39:14 Arbalester
43:26 Ring Archer Armor
44:15 Conscription
43:50 Heavy Scorpion
47:58 Two-Man Saw
50:22 Hand Cart
50:53 Forging
50:47 Scale Mail Armor
53:21 Iron Casting
53:01 Chain Mail Armor
Connection lost

Rejoining the realm…

Still unreachable

The connection could not be restored.

Session expired

The server has moved on; the page needs a fresh start.